 Dungeon Sprint DCSS version 0.27-a0-1548-gf8a67e7463 (webtiles) character file.

Game seed: 13209239355102586566

2100000 12572944 the Executioner (level 17, -3/101 HPs)
             Began as a Mummy Hedge Wizard on July 13, 2021.
             Was a Priest of Makhleb.
             Engulfed by a cloud of flame (30 damage)
             ... in the Dungeon (Sprint VIII: "Arena of Blood").
             The game lasted 00:00:56 (21 turns).

12572944 the Executioner (Mummy Hedge Wizard)         Turns: 21, Time: 00:00:57

Health: -3/101     AC:  2    Str: 21    XL:     17   Next: 92%
Magic:  9/44       EV: 19    Int: 13    God:    Makhleb [***...]
Gold:   0          SH:  0    Dex: 11    Spells: 60/63 levels left

rFire    x . .     SeeInvis .   e - +∞ Axe of Woe
rCold    + . .     Faith    .   (shield currently unavailable)
rNeg     + + +     Spirit   .   b - +0 robe
rPois    ∞         Reflect  .   c - +0 hat
rElec    .         Harm     .   (no cloak)
rCorr    .         Rampage  .   (no gloves)
Will     ++...     NoTele   +   (no boots)
Stlth    +++++++...             (no amulet)
HPRegen  0.26/turn              (no ring)
MPRegen  0.29/turn              (no ring)

@: no status effects
A: cold resistance 1, negative energy resistance 3, torment resistance 2, heat
vulnerability 1, in touch with death 1, no potions
a: Renounce Religion, Minor Destruction, Lesser Servant of Makhleb


You were in the Dungeon.
You worshipped Makhleb.
Makhleb was most pleased with you.
You visited 1 branch

Inventory:

Hand Weapons
 a - a +0 dagger
 e - the +∞ Axe of Woe (weapon)
   (You found it in the Dungeon)
Armour
 b - a +0 robe (worn)
 c - a +0 hat (worn)
Scrolls
 d - a scroll of blinking


   Skills:
 * Level 23.9 Axes
 + Level 17.9 Dodging
 + Level 19.4 Stealth
 + Level 23.9 Spellcasting
 + Level 18.0 Conjurations
 + Level 18.0 Summonings
 + Level 17.9 Translocations


You had 60 spell levels left.
You knew the following spells:

 Your Spells              Type           Power      Damage    Failure   Level
a - Magic Dart            Conj           100%       1d8       0%          1
b - Blink                 Tloc           N/A        N/A       0%          2

Your spell library contained the following spells:

 Spells                   Type           Power      Damage    Failure   Level
 Call Imp                 Summ           58%        N/A       0%          2
 Conjure Flame            Conj/Fire      38%        6-21      1%          3
 Mephitic Cloud           Conj/Pois/Air  31%        N/A       1%          3
 Slow                     Hex            15%        N/A       4%          2


Dungeon Overview and Level Annotations

Branches:
Dungeon (1/1)

Altars:
Makhleb


Innate Abilities, Weirdness & Mutations

You are immune to poison.
Your flesh is cold resistant. (rC+)
You are immune to negative energy. (rN+++)
You are immune to unholy pain and torment.
You are vulnerable to heat. (rF-)
You are in touch with the powers of death.
You do not drink.


Message History

You hear a shout! x10; The bag of meat shouts!
You hear a shout!
Things that are here:
a +9 war axe; a +30 ring of slaying You slice the meat berserker!!
You hew the meat berserker savagely.
You kill the meat berserker!
Makhleb accepts your kill.
You feel better.
You hit the large bag of meat but do no damage.
You fatally mangle the large bag of meat.
Makhleb accepts your kill.
You can now summon a lesser servant of Makhleb.
The large bag of meat explodes!
The fiery explosion engulfs you!! The fire burns you terribly!
The destroyer appears out of thin air!
A destroyer comes into view. It is wielding a +9 vorpal great sword.
You are engulfed in blazing flames.
You hear a shout!
A meat berserker comes into view. It is wielding a +9 battleaxe.
You hear a shout! x6
Your Axes skill gained 2 levels and is now at level 23!
Your Dodging skill increases to level 17!
Your Stealth skill gained 2 levels and is now at level 19!
Your Spellcasting skill gained 2 levels and is now at level 23!
Your Conjurations skill gained 2 levels and is now at level 18!
Your Summonings skill gained 2 levels and is now at level 18!
Your Translocations skill increases to level 17!
You have reached level 17!
You are engulfed in blazing flames.
* * * LOW HITPOINT WARNING * * *
You hear a shout! x3
A meat berserker comes into view. It is wielding a +9 battleaxe.
The meat berserker rages.
You hear a shout! x4
The meat berserker rages.
You slash the bag of meat!
You pulverise the bag of meat into a thin bloody mist.
You kill the bag of meat!
Makhleb accepts your kill.
You feel better.
You are engulfed in blazing flames.
You die...

..........
.......OO
.....O.o. #.
.....# #.. ..O.#
.. .###..
...###...
......###§.......
...V.._)@)......
..#..§§§#......
#_.<._# .....
#.)...# ....
......_..... ...
......###........
o###.. ...###...
#.. ...# . #.
...#


You could see a destroyer, 3 meat berserkers and a bag of meat.

Vanquished Creatures
  5 ogres (D)
  A two-headed ogre (D)
  4 orcs (D)
10 creatures vanquished.

Notes
Turn   | Place    | Note
-------+----------+-------------------------------------------
     0 | D        | Found the +∞ Axe of Woe
     0 | D        | 12572944 the Mummy Hedge Wizard began the quest for the
                  | Orb.
     0 | D        | Reached XP level 1. HP: 13/13 MP: 5/5
     0 | D        | Noticed a bag of meat
     1 | D        | Killed a bag of meat
     1 | D        | Noticed a bag of meat
     1 | D        | Noticed a bag of meat
     2 | D        | Reached skill level 10 in Stealth
     2 | D        | Reached XP level 2. HP: 19/19 MP: 5/16
     2 | D        | Reached XP level 3. HP: 24/24 MP: 5/17
     2 | D        | Reached XP level 4. HP: 30/30 MP: 5/19
     2 | D        | Reached XP level 5. HP: 35/35 MP: 5/20
     2 | D        | Reached XP level 6. HP: 41/41 MP: 5/22
     2 | D        | Reached XP level 7. HP: 46/46 MP: 5/23
     2 | D        | Reached XP level 8. HP: 52/52 MP: 5/25
     2 | D        | Reached XP level 9. HP: 57/57 MP: 5/26
     2 | D        | Reached XP level 10. HP: 63/63 MP: 5/27
     2 | D        | Reached XP level 11. HP: 68/68 MP: 5/28
     4 | D        | Became a worshipper of Makhleb the Destroyer
     4 | D        | Noticed a meat berserker
     6 | D        | Killed a meat berserker
     7 | D        | Reached skill level 15 in Axes
     7 | D        | Reached skill level 15 in Spellcasting
     7 | D        | Reached XP level 12. HP: 74/74 MP: 6/31
     7 | D        | Gained mutation: You are in touch with the powers of death.
                  | [Mummy growth]
     7 | D        | Reached XP level 13. HP: 79/79 MP: 6/32
     9 | D        | Noticed a meat berserker
    10 | D        | Learned a level 2 spell: Blink
    11 | D        | Noticed a meat berserker
    11 | D        | Killed a meat berserker
    11 | D        | Reached * piety under Makhleb
    12 | D        | Reached XP level 14. HP: 25/85 MP: 7/35
    12 | D        | Killed a bag of meat
    13 | D        | Reached XP level 15. HP: 27/90 MP: 7/37
    13 | D        | Killed a meat berserker
    16 | D        | Reached ** piety under Makhleb
    17 | D        | Reached skill level 15 in Dodging
    17 | D        | Reached skill level 15 in Conjurations
    17 | D        | Reached skill level 15 in Summonings
    17 | D        | Reached skill level 15 in Translocations
    17 | D        | Reached XP level 16. HP: 57/96 MP: 8/40
    17 | D        | Noticed a meat berserker
    17 | D        | Killed a meat berserker
    17 | D        | Noticed a meat berserker
    18 | D        | Noticed a meat berserker
    18 | D        | Noticed a large bag of meat
    19 | D        | Killed a meat berserker
    19 | D        | Killed a large bag of meat
    19 | D        | Reached *** piety under Makhleb
    19 | D        | Noticed a meat berserker
    20 | D        | Reached XP level 17. HP: 35/101 MP: 9/44
    20 | D        | Noticed a destroyer
    20 | D        | Noticed a meat berserker
    21 | D        | Engulfed by a cloud of flame

Illustrated notes

Levels and vault maps discovered:
D:        meatsprint

Skill      XL: |  1  2  3  4  5  6  7  8  9 10 11 12 13 14 15 16 |
---------------+-------------------------------------------------+-----
Axes           | 12 15 17 18 20 23 | 23.9
Dodging        | 9 11 13 15 17 | 17.9
Stealth        | 10 12 14 16 19 | 19.4
Spellcasting   | 13 15 17 18 20 23 | 23.9
Conjurations   | 9 11 13 15 18 | 18.0
Summonings     | 9 11 13 15 18 | 18.0
Translocations | 9 11 13 15 17 | 17.9

Action                   |  1- 3 |  4- 6 |  7- 9 | 10-12 | 13-15 | 16-18 || total
-------------------------+-------+-------+-------+-------+-------+-------++-------
Melee: Executioner's axe |     1 |       |       |     1 |     4 |     3 ||     9

Table legend: (Time is in decaauts)
 A = Elapsed time spent in this place.
 B = Non-inter-level travel time spent in this place.
 C = Inter-level travel time spent in this place.
 D = Time resting spent in this place.
 E = Time spent auto-exploring this place.
 F = Levels seen in this place.
 G = Mean time per level.
                   A        B        C        D        E       F      G
               +--------+--------+--------+--------+--------+-----+--------+
         Total |     22 |     22 |      0 |      0 |      0 |   1 |   22.0 |
       Dungeon |     22 |     22 |      0 |      0 |      0 |   1 |   22.0 |
               +--------+--------+--------+--------+--------+-----+--------+

Top non-repeatable levels by time:
       D: 22 daAuts
